 Dungeon Crawl Stone Soup version 0.29-a0-857-g9b1aa3ac5b (webtiles) character file.

Game seed: 10571073833375084036

44 quixfox the Chopper (level 3, 0/37 HPs)
             Began as an Ogre Gladiator on July 17, 2022.
             Slain by a gnoll
             ... wielding a +0 flail
             ... led by a gnoll bouda
              (4 damage)
             ... on level 1 of the Dungeon.
             The game lasted 00:02:44 (1623 turns).

quixfox the Chopper (Ogre Gladiator)                Turns: 1623, Time: 00:02:44

Health: 0/37       AC:  7    Str: 20    XL:     3   Next: 60%
Magic:  3/3        EV: 10    Int:  9    God:
Gold:   33         SH:  0    Dex: 10    Spells: 2/2 levels left

rFire   . . .      SeeInvis .   a - +0 war axe
rCold   . . .      Faith    .   (no shield)
rNeg    . . .      Spirit   .   b - +0 robe
rPois   .          Reflect  .   c - +0 hat
rElec   .          Harm     .   (no cloak)
rCorr   .          Rampage  .   (gloves unavailable)
Will    .....                   (boots unavailable)
Stlth   +.........              (no amulet)
HPRegen 0.12/turn               f - +4 ring of protection
MPRegen 0.08/turn               (no ring)

@: no status effects
A: large, unfitting armour, tough skin 1
a: no special abilities


You were on level 1 of the Dungeon.
You visited 1 branch of the dungeon, and saw 2 of its levels.

You collected 33 gold pieces.

Inventory:

Hand Weapons
 a - a +0 war axe (weapon)
Missiles
 d - 3 throwing nets (quivered)
 e - a large rock
Armour
 b - a +0 robe (worn)
 c - a +0 hat (worn)
Jewellery
 f - a +4 ring of protection (left hand)
 g - a ring of flight
Scrolls
 j - a scroll of identify {unknown}
Potions
 i - 2 potions of curing {unknown}
 k - a potion of brilliance {unknown}


   Skills:
 + Level 3.4 Fighting
 * Level 3.8 Axes
 - Level 2.0 Throwing
 + Level 3.1 Dodging


You had 2 spell levels left.
You didn't know any spells.
Your spell library contained the following spells:

 Spells                   Type           Power      Damage    Failure   Level
 Conjure Flame            Conj/Fire      0%         6-21      77%         3
 Ignite Poison            Fire/Tmut/Pois 0%         N/A       77%         3
 Sticky Flame             Conj/Fire      0%         2d3       99%         4


Dungeon Overview and Level Annotations

Branches:
Dungeon (2/15)

Altars:


Innate Abilities, Weirdness & Mutations

You are too large for most types of armour.
You have tough skin. (AC +1)


Message History

Unknown command.
You feel much better.
The gnoll is no longer moving quickly.
The gnoll bouda barely misses you.
The gnoll bouda attacks as you move away!
The gnoll bouda hits you with a +0 whip.
The gnoll bouda barks out a call to the hunt!
The gnolls pick up the pace!
The gnoll bouda barks out a call to the hunt!
The gnoll attacks as you move away! The gnoll hits you with a +0 flail.
The gnoll misses you. The gnoll attacks as you move away!
The gnoll hits you with a +0 flail. The gnoll attacks as you move away!
The gnoll misses you. The gnoll closely misses you.
The gnoll attacks as you move away!
The gnoll hits you with the +9 mace of Yhufan {vamp, Dex+3}.
The gnoll is no longer moving quickly.
The gnoll barely misses you.
The gnoll is no longer moving quickly.
Your attacks no longer feel as feeble.
The gnoll attacks as you move away! The gnoll hits you with a +0 flail.
* * * LOW HITPOINT WARNING * * *
The gnoll barely misses you.
There is an open door here.
The gnoll attacks as you move away! The gnoll barely misses you.
The gnoll is no longer moving quickly.
The gnoll attacks as you move away! The gnoll hits you but does no damage.
You see here a rat skeleton.
The gnoll attacks as you move away! The gnoll barely misses you.
The gnoll attacks as you move away! The gnoll hits you with a +0 flail!
* * * LOW HITPOINT WARNING * * *
There is a stone staircase leading up here.
The gnoll barely misses you.
You climb upwards.
There is a stone staircase leading down here.
You hit the gnoll but do no damage. The gnoll hits you but does no damage.
You hit the gnoll.
The gnoll is moderately wounded.
The gnoll hits you with a +0 flail.
* * * LOW HITPOINT WARNING * * *
The gnoll hits you with a +0 flail.
You die...

#.#...#...#..#...##.....#.######.
#.#...#...#..#.######.###........
#...............).#...)..........
#########.#..#.##.#.#............
#.........#.#.#.....#.#####
#.#.#####.#.#.#.###.#.#
#.#.......#.#.#.###.#.#
#.#########.#.#.......# ##
#........g@.#.#.....######.
#################.#.#####...§§.
###..^..............###........§.
....#################......≈§§§§§
....####### #....≈≈≈≈≈§≈≈§
##..÷.....###### #.≈≈§≈§§#≈≈≈§≈
##.÷.........[.# #≈.≈#≈≈≈#≈§≈≈#
.##.#..........# #≈≈.#§≈≈#§§§##
###............# #≈.≈#§§§#≈≈≈#


You could see a gnoll.

Vanquished Creatures
  A worm (D:2)
  A bat (D:1)
  4 endoplasms (D:1)
  A giant cockroach (D:1)
  3 hobgoblins (D:1)
  6 kobolds
  3 quokkas (D:1)
  5 ball pythons
  A frilled lizard (D:2)
  5 goblins
  6 rats
36 creatures vanquished.

Notes
Turn   | Place    | Note
-------+----------+-------------------------------------------
     0 | D:1      | quixfox the Ogre Gladiator began the quest for the Orb.
     0 | D:1      | Reached XP level 1. HP: 22/22 MP: 1/1
   342 | D:1      | Reached XP level 2. HP: 29/29 MP: 2/2
   657 | D:1      | Reached XP level 3. HP: 34/37 MP: 3/3
  1442 | D:2      | Identified the +7 sling of Exquisite Torment {venom, rF+
                  | rC- Int+7 Dex-3}
  1512 | D:2      | Found a faded altar of an unknown god.
  1575 | D:2      | Identified the +9 mace of Yhufan {vamp, Dex+3}
  1623 | D:1      | Slain by a gnoll

Illustrated notes

Levels and vault maps discovered:
D:1:      dpeg_arrival_water_fire, layout_basic, minmay_misc_feat_square
D:2:      layout_loops_corners, dilly_ecumenical_altar_fadedgnrine

Skill      XL: |  1  2 |
---------------+-------+-----
Fighting       | 3 |  3.4
Dodging        | 3 |  3.1
Axes           | |  3.8
Throwing       | |  2.0

Action                   || total
-------------------------++-------
Melee: War axe           ||   108
       Punch             ||     1
  Use: Potion            ||     2
Armor: Robe              ||    31
Dodge: Dodged            ||    58

Table legend: (Time is in decaauts)
 A = Elapsed time spent in this place.
 B = Non-inter-level travel time spent in this place.
 C = Inter-level travel time spent in this place.
 D = Time resting spent in this place.
 E = Time spent auto-exploring this place.
 F = Levels seen in this place.
 G = Mean time per level.
                   A        B        C        D        E       F      G
               +--------+--------+--------+--------+--------+-----+--------+
         Total |   1657 |   1611 |     46 |      4 |   1324 |   2 |  828.5 |
       Dungeon |   1657 |   1611 |     46 |      4 |   1324 |   2 |  828.5 |
               +--------+--------+--------+--------+--------+-----+--------+

Top non-repeatable levels by time:
     D:1: 1320 daAuts
     D:2: 337 daAuts
